 Dungeon Crawl Stone Soup version 0.32-a0-986-ga09f62fbf4 (webtiles) character file.

Game seed: 8859792415330329058

343382 protoss039 the Eclecticist (level 21, 0/169 HPs)
             Began as a Demonspawn Earth Elementalist on Apr 21, 2024.
             Was the Champion of Vehumet.
             Killed from afar by an ironbound thunderhulk (41 damage)
             ... with a bolt of lightning
             ... on level 3 of the Vaults on Apr 22, 2024.
             The game lasted 04:27:59 (48955 turns).

protoss039 the Eclecticist (DsEE)                  Turns: 48955, Time: 04:27:59

Health: 0/169      AC: 22    Str: 13    XL:     21   Next: 13%
Magic:  0/57       EV: 19    Int: 29    God:    Vehumet [******]
Gold:   1991       SH:  7    Dex: 13    Spells: 7/56 levels left

rFire   + . .        a - +6 mace "Goblinslayer" {spect, rF+ rC+}
rCold   + . .        U - +1 buckler of Supple Strength {rPois Will+ SInv}
rNeg    . . .        V - +5 moon troll leather armour {Spirit, Regen++ MP+5}
rPois   +            P - +2 helmet {Int+3}
rElec   .            (cloak unavailable)
rCorr   .            Q - +2 pair of gloves {Str+3}
SInv    +            b - +2 pair of slick slippers {slick, slippery, EV+4}
Will    +++..        i - amulet of magic regeneration
Stlth   +++          O - +4 ring of protection
HPRegen 2.08/turn    S - ring of magical power
MPRegen 0.75/turn

%: repel missiles, guardian spirit
@: about to teleport, wreathed by umbra
A: repulsion field 3, powered by death 3, demonic willpower, weakness stinger 3,
foul shadow 2
}: 2/15 runes: decaying, serpentine
a: Renounce Religion


You were on level 3 of the Vaults.
You worshipped Vehumet.
Vehumet was exalted by your worship.
You visited 8 branches of the dungeon, and saw 37 of its levels.
You also visited: Bailey and Wizlab.

You collected 5502 gold pieces.
You spent 3511 gold pieces at shops.

Inventory:

Hand Weapons
 a - the +6 mace "Goblinslayer" (weapon) {spect, rF+ rC+}
   (You found it on level 8 of the Dungeon)

   rF+:       It protects you from fire.
   rC+:       It protects you from cold.
 w - the +4 dagger "Ujeazunin" {heavy, rC+ Str+3 Int+3}
   (You took it off a gnoll on level 3 of the Dungeon)

   Str+3:     It affects your strength (+3).
   Int+3:     It affects your intelligence (+3).
   rC+:       It protects you from cold.
 B - the +6 rapier of Cuoqo {elec, rElec Str+8 Dex+2 SInv}
   (You acquired it on level 3 of the Vaults)

   Str+8:     It affects your strength (+8).
   Dex+2:     It affects your dexterity (+2).
   rElec:     It insulates you from electricity.
   SInv:      It lets you see invisible.
Missiles
 e - 6 throwing nets
Armour
 b - the +2 pair of slick slippers (worn) {slick, slippery, EV+4}
   (You found it in a bailey)

   Slick:     Its wearer cannot be constricted, engulfed, netted, webbed, or
   stopped by binding sigils.
   Slippery:  Its wearer slips away from damaging melee attacks, pulling the
   attacker onward.
   EV+4:      It affects your evasion (+4).
 l - the +1 robe "Keippu" {rF++ MP+9}
   (You bought it in a shop on level 10 of the Dungeon)

   rF++:      It greatly protects you from fire.
   MP+9:      It affects your magic capacity (+9).
 s - the +0 leather armour of the True Pharaoh {Will+ rCorr Dex-2}
   (You bought it in a shop on level 2 of the Orcish Mines)

   Dex-2:     It affects your dexterity (-2).
   Will+:     It increases your willpower.
   rCorr:     It protects you from acid and corrosion.
 P - a +2 helmet of intelligence (worn)
 Q - a +2 pair of gloves of strength (worn)
 U - the +1 buckler of Supple Strength (worn) {rPois Will+ SInv}
   (You acquired it on level 2 of the Swamp)

   rPois:     It protects you from poison.
   Will+:     It increases your willpower.
   SInv:      It lets you see invisible.
 V - the +5 moon troll leather armour (worn) {Spirit, Regen++ MP+5}
   (You found it on level 4 of the Swamp)

   MP+5:      It affects your magic capacity (+5).
   Regen++:   It increases your rate of health regeneration.
Jewellery
 c - a ring of protection from fire
 i - an amulet of magic regeneration (around neck)
 C - a ring of ice
 O - a +4 ring of protection (left hand)
 R - a ring of wizardry
 S - a ring of magical power (right hand)
 T - a ring of flight
Wands
 u - a wand of warping (33)
 x - a wand of quicksilver (9)
 A - a wand of flame (43)
 G - a wand of mindburst (19)
 N - a wand of digging (2)
Scrolls
 d - 5 scrolls of amnesia
 h - 2 scrolls of summoning
 k - 4 scrolls of teleportation
 n - 5 scrolls of poison
 y - 6 scrolls of fog
 z - 4 scrolls of revelation
 D - 3 scrolls of enchant armour
 F - 8 scrolls of fear
 I - 6 scrolls of immolation
 J - 5 scrolls of blinking
 Z - a scroll of torment
Potions
 g - 4 potions of enlightenment
 m - 4 potions of mutation
 o - 4 potions of might
 p - 6 potions of brilliance
 q - 2 potions of resistance
 t - 5 potions of cancellation
 v - 9 potions of lignification
 E - 11 potions of curing
 H - 6 potions of heal wounds
 L - 5 potions of invisibility
 M - a potion of berserk rage
 W - 4 potions of ambrosia
 X - 2 potions of haste
 Y - 4 potions of magic
Miscellaneous
 f - a condenser vane
 j - a lightning rod (4/4)
 K - a phantom mirror


   Skills:
 + Level 15.6 Fighting
 + Level 11.5 Armour
 - Level 3.0 Dodging
 - Level 3.0 Stealth
 + Level 11.3 Shields
 * Level 18.3 Spellcasting
 + Level 14.0 Conjurations
 - Level 3.0 Necromancy
 - Level 3.0 Translocations
 - Level 3.0 Ice Magic
 - Level 6.0 Air Magic
 * Level 17.4 Earth Magic
 - Level 6.0 Alchemy
 - Level 3.0 Evocations


You had 7 spell levels left.
You knew the following spells:

 Your Spells              Type           Power      Damage    Failure   Level
a - Sandblast             Erth           100%       2d20      0%          1
b - Passwall              Erth           91%        N/A       0%          3
c - Stone Arrow           Conj/Erth      100%       3d13      0%          3
d - Lee's Rapid Deconstr  Erth           45%        3d22*     1%          5
e - Iskenderun's Mystic   Conj/Tloc      66%        2d14      (+2d71%     4
f - Irradiate             Conj/Alch      35%        3d23      1%          5
g - Mephitic Cloud        Conj/Alch/Air  67%        N/A       1%          3
h - Freezing Cloud        Conj/Ice/Air   31%        6-21      1%          5
i - Borgnjor's Vile Clut  Necr/Erth      36%        N/A       1%          5
j - Magnavolt             Erth/Air       38%        3d18      4%          7
k - Lehudib's Crystal Sp  Conj/Erth      43%        10d11     7%          8

Your spell library contained the following spells:

 Spells                   Type           Power      Damage    Failure   Level
 Maxwell's Capacitive Co  Air            28%        ∞         95%         8
 Magic Dart               Conj           100%       1d8       0%          1
 Freeze                   Ice            100%       1d10      1%          1
 Blink                    Tloc           88%        N/A       1%          2
 Cigotuvi's Dreadful Rot  Necr/Alch/Air  100%       N/A       1%          2
 Ensorcelled Hibernation  Hex/Ice        70%        N/A       1%          2
 Lesser Beckoning         Tloc           88%        N/A       1%          2
 Momentum Strike          Conj/Tloc      100%       3d10      1%          2
 Scorch                   Fire           52%        2d7       1%          2
 Sublimation of Blood     Necr           44%        N/A       1%          2
 Dazzling Flash           Conj/Hex       100%       N/A       1%          3
 Frozen Ramparts          Ice            88%        1d14      1%          3
 Fugue of the Fallen      Necr           44%        N/A       1%          3
 Hailstorm                Conj/Ice       66%        3d12      1%          3
 Inner Flame              Hex/Fire       26%        N/A       1%          3
 Vampiric Draining        Necr           44%        2d9       1%          3
 Volatile Blastmotes      Fire/Tloc      70%        2d15      1%          3
 Brom's Barrelling Bould  Conj/Erth      87%        2d10      1%          4
 Flame Wave               Conj/Fire      61%        2d14      1%          4
 Fulminant Prism          Conj/Alch      35%        3d17      1%          4
 Leda's Liquefaction      Alch/Erth      38%        N/A       1%          4
 Petrify                  Alch/Erth      76%        N/A       1%          4
 Sticky Flame             Fire/Alch      44%        2d8       1%          4
 Permafrost Eruption      Ice/Erth       36%        2x4d8     1%          6
 Slow                     Hex            100%       N/A       2%          1
 Summon Small Mammal      Summ           100%       N/A       2%          1
 Call Imp                 Summ           52%        N/A       3%          2
 Jinxbite                 Hex            52%        N/A       3%          2
 Yara's Violent Unravell  Hex/Alch       22%        3d10      5%          5
 Starburst                Conj/Fire      30%        6d9       5%          6
 Call Canine Familiar     Summ           26%        N/A       7%          3
 Confusing Touch          Hex            26%        N/A       7%          3
 Tukima's Dance           Hex            26%        N/A       7%          3
 Animate Dead             Necr           44%        N/A       7%          4
 Dispel Undead            Necr           44%        3d17      7%          4
 Passage of Golubria      Tloc           44%        N/A       7%          4
 Eringya's Noxious Bog    Alch           28%        4d6       9%          6
 Anguish                  Hex/Necr       17%        N/A       12%         4
 Dimensional Bullseye     Hex/Tloc       17%        N/A       12%         4
 Martyr's Knell           Necr/Summ      35%        N/A       12%         4
 Silence                  Hex/Air        22%        N/A       19%         5
 Summon Blazeheart Golem  Fire/Summ      26%        N/A       22%         4
 Death Channel            Necr           22%        N/A       71%         6
 Ozocubu's Refrigeration  Ice            22%        4d12      78%         7
 Summon Cactus Giant      Summ           13%        N/A       98%         6
 Enfeeble                 Hex            13%        N/A       100%        7
 Haunt                    Necr/Summ      17%        N/A       100%        7
 Summon Hydra             Summ           13%        N/A       100%        7
 Shatter                  Erth           45%        3d35*     41%         9
 Fulsome Fusillade        Conj/Alch      35%        (3-5)d11  50%         8
 Ignition                 Fire           13%        3d6       100%        8
 Infestation              Necr           22%        N/A       100%        8
 Chain Lightning          Conj/Air       35%        3d47      100%        9
 Fire Storm               Conj/Fire      30%        8d8       100%        9


Dungeon Overview and Level Annotations

Branches:
Dungeon (15/15) Zot: 24869  Temple (1/1) D:6 Zot: 5935    Lair (5/5) D:11 Zot: 23322
  Swamp (4/4) Lair:2 Zot: 19326   Snake (4/4) Lair:3 Zot: 18069   Slime (0/5) Lair:4
    Orc (2/2) D:12 Zot: 9867     Elf (3/3) Orc:2 Zot: 12805  Vaults (3/5) D:14 Zot: 12675
  Crypt (0/3) Vaults:2     Depths (0/4) D:15         Bailey (visited)
 WizLab (visited)

Altars:
Ashenzari
Cheibriados
Dithmenos
Fedhas
Gozag
Hepliaklqana
Kikubaaqudgha
Makhleb
Nemelex Xobeh
Okawaru
Qazlal
Ru
Sif Muna
Trog
Uskayaw
Vehumet
Wu Jian
Xom
Yredelemnul
Beogh
Jiyva

Shops:
D:9 *   D:10 [   D:12 [(   D:15 ?   Orc:2 ![((   Snake:2 [   Vaults:2 ![

Annotations:
D:6 exclusion: two-headed ogre
Lair:1 3 runed translucent doors, Grimmash's ghost, journeyman TrSh
Snake:1 3 runed translucent doors, DEFE's ghost, adept CoFi; ViolentViolet's ghost, journeyman MiBe
Snake:4 Vashnia


Innate Abilities, Weirdness & Mutations

You are surrounded by a strong repulsion field. (EV +4, RMsl)
You regenerate a lot of health from kills.
You punish those that try to bend your will. (Will+)
You have a sharp stinger which inflicts weakening toxins.
You are shadowed, sometimes releasing foul flame when damaged in melee.


Message History

The stone door frame shatters!
The blast of rock fragments hits the dire elephant!!
The dire elephant is moderately wounded.
The blast of rock fragments hits the dire elephant.
The dire elephant is lightly wounded.
The blast of rock fragments hits the dire elephant!!
The dire elephant is moderately wounded.
The zombie hands constrict the dire elephant!
Electricity crackles from the ironbound thunderhulk's apparatus.
The bolt of lightning hits you!!!
* * * LOW HITPOINT WARNING * * *
The dire elephant misses you. The dire elephant trunk-slaps you.
* * * LOW HITPOINT WARNING * * *
You slip backwards!
The dire elephant is engulfed in noxious fumes. x2
The dire elephant struggles to escape constriction.
Unknown command.
Unknown command.
Unknown command.
Casting: Lee's Rapid Deconstruction (safe; 1% risk of failure)
Confirm with . or Enter, or press ? or * to list all spells.
You erupt in a blast of force!
The mystic blast hits the dire elephant!
The dire elephant is moderately wounded.
The mystic blast hits the dire elephant but does no damage.
The dire elephant is lightly wounded.
The zombie hands constrict the dire elephant!
The dire elephant closely misses you. You block the dire elephant's attack.
The ironbound thunderhulk is engulfed in noxious fumes.
Strange energies crackle from the ironbound thunderhulk's apparatus.
The ironbound thunderhulk blinks!
The dire elephant is engulfed in noxious fumes.
The dire elephant escapes!
Unknown command.
Unknown command.
As you read the scroll of teleportation, it crumbles to dust.
You feel strangely unstable.
Electricity crackles from the ironbound thunderhulk's apparatus.
The bolt of lightning hits you!!!
You die...

.............. #..ß..ß...P.
..........##########...........
..........#........#.ß....ß....
..........#........#...§§......
..........#........#...§§.....P
..........#........+.ß....ß....
.......)..#).......#......)....
..........)).....Y.#Y§ßO.ß.....
.........)#))...@Y.'§§........$
..........#........#§##########
..........#........##############
.<..).....##########.............
.....)...........................
.................................
.................................
................................)
...########......................


You could see 3 dire elephants and an ironbound thunderhulk (fast).

Vanquished Creatures
  Jorgrun (Swamp:2)
  A tentacled monstrosity (Swamp:3)
  Rupert (Snake:1)
  Mlioglotl (Swamp:1)
  Asterion (Elf:3)
  3 deep elf blademasters
  3 deep elf master archers
  A sphinx (Vaults:2)
  Frances (D:12)
  A thorn hunter (WizLab)
  Agnes (Snake:1)
  Kirke (Lair:3)
  5 deep elf sorcerers
  2 azure jellies (Swamp:4)
  3 nagarajas
  4 fenstrider witches
  A fire giant (Vaults:2)
  4 deep elf elementalists (Elf:3)
  10 vault wardens
  2 ghouls (Swamp:4)
  An orc warlord (Vaults:3)
  A very ugly thing (D:15)
  2 formless jellyfish (Vaults:2)
  5 deep elf demonologists
  13 ironbound preservers
  6 ironbound thunderhulks
  16 deep elf annihilators
  5 eleionomae
  5 deep elf death magi
  7 bunyips
  2 fire dragons (D:14)
  Josephine (D:14)
  2 shambling mangroves
  2 ettins (Orc:2)
  A jiangshi (Vaults:2)
  3 deep elf high priests (Elf:3)
  2 ice dragons (Swamp:4)
  4 yaktaur captains (Vaults:2)
  2 entropy weavers (Vaults:2)
  10 hydras
  8 great orbs of eyes
  A spriggan air mage (Swamp:4)
  3 ghost crabs
  5 alligators
  4 salamander tyrants (Snake:4)
  6 vault guards
  18 centaur warriors
  3 ogre magi
  2 catoblepae (Lair:5)
  3 boulder beetles
  A death knight (Vaults:2)
  31 dancing weapons
  15 anacondas
  6 ironbound frosthearts
  A satyr (WizLab)
  11 death yaks
  7 two-headed ogres
  A vampire mage (Vaults:2)
  8 naga warriors
  An orc high priest (Orc:2)
  14 naga sharpshooters
  6 shock serpents
  An occultist (Elf:1)
  Sonja (D:12)
  12 deep elf knights
  3 salamander mystics
  9 goliath frogs
  18 deep elf archers
  4 spriggan druids
  16 mana vipers
  2 swamp dragons (Swamp:2)
  8 sea snakes
  A shadow wraith (D:14)
  A death drake (shapeshifter) (D:15)
  2 glowing orange brains
  5 naga ritualists
  27 deep trolls
  4 thermic dynamos
  4 bog bodies
  22 deep elf pyromancers
  11 lindwurms
  Pikel (D:5)
  11 orc knights
  6 arcanists
  10 ironbound convokers
  23 deep elf zephyrmancers
  4 manticores
  10 cyclopes
  2 oklob plants
  9 orc sorcerers (Orc:2)
  3 obsidian bats
  12 ugly things
  16 salamanders
  5 fauns (WizLab)
  A black mamba (shapeshifter) (D:14)
  11 elephants
  4 guardian serpents (Snake:4)
  43 black mambas
  3 will-o-the-wisps
  18 vault sentinels
  10 naga magi
  3 kobold blastminers
  14 cane toads
  A torpor snail (shapeshifter) (D:14)
  A gargoyle (D:13)
  4 rime drakes
  4 torpor snails
  3 unseen horrors (D:12)
  9 komodo dragons
  A tengu conjurer (D:8)
  21 yaktaurs
  4 kobold demonologists
  2 polar bears (Lair:2)
  Psyche (D:10)
  5 freezing wraiths
  7 trolls
  7 tyrant leeches
  5 bloated husks
  6 saltlings (Orc:2)
  9 hornets
  A spectral lindwurm (Lair:2)
  16 blink frogs
  5 dream sheep
  43 slime creatures
  8 spriggans
  A vampire (D:11)
  7 wraiths
  42 yaks
  4 water elementals
  4 air elementals
  7 basilisks
  5 wyverns
  4 redbacks (Vaults:2)
  Grum (D:8)
  2 hogs (Lair:3)
  4 vampire mosquitoes (Swamp:1)
  2 fire elementals
  4 steam dragons
  13 swamp worms
  A swamp worm simulacrum (Swamp:4)
  33 nagas
  2 acid dragons
  16 hydra simulacra (Swamp:4)
  A spectral yak (Lair:2)
  18 water moccasins
  19 orc warriors
  3 swamp drakes
  3 sky beasts
  3 black bears
  A spectral blink frog (Lair:2)
  A boggart (Elf:1)
  9 ogres
  19 wolves
  13 centaurs
  6 kobold brigands
  4 lemures
  3 phantoms
  7 scorpions
  11 bullfrogs
  3 earth elementals
  2 gnoll sergeants
  8 wights (D:9)
  8 killer bees
  A killer bee (shapeshifter) (Elf:1)
  A spectral wolf (Lair:2)
  An electric eel (D:10)
  4 howler monkeys
  3 gnoll boudas
  5 hounds (D:5)
  17 orc priests
  5 iguanas
  3 jellies
  2 sleepcaps
  Natasha (thrice) (D:3)
  12 orc wizards
  Robin (D:3)
  10 adders
  20 gnolls
  A white imp (D:5)
  7 swamp drake simulacra (Swamp:4)
  10 ufetubi
  2 dart slugs
  2 ribbon worms
  72 orcs
  5 bats
  9 endoplasms
  4 giant cockroaches
  11 goblins
  12 hobgoblins
  2 jackals (D:5)
  3 quokkas
  6 ball pythons
  2 frilled lizards
  31 kobolds
  4 rats
1390 creatures vanquished.

Vanquished Creatures (others)
  A dancing weapon (Elf:1)
  A deep elf knight (Elf:1)
  A deep elf zephyrmancer (Elf:2)
  A human (Lair:3)
  2 boulders
  14 foxfires
  3 spectral weapons
23 creatures vanquished.

Grand Total: 1413 creatures vanquished

Notes
Turn   | Place    | Note
-------+----------+-------------------------------------------
     0 | D:1      | protoss039 the Demonspawn Earth Elementalist began the
                  | quest for the Orb.
     0 | D:1      | Reached XP level 1. HP: 13/13 MP: 3/3
    62 | D:1      | Found a faded altar of an unknown god.
   223 | D:1      | Gained mutation: You regenerate a little health from kills.
                  | [demonic ancestry]
   223 | D:1      | Reached XP level 2. HP: 20/20 MP: 3/5
   361 | D:1      | Reached skill level 1 in Fighting
  1083 | D:2      | Gained mutation: You have a small tail. [demonic ancestry]
  1083 | D:2      | Reached XP level 3. HP: 26/26 MP: 4/6
  1874 | D:2      | Learned a level 3 spell: Passwall
  1878 | D:2      | Learned a level 3 spell: Stone Arrow
  1879 | D:3      | Noticed Natasha
  1899 | D:3      | Gained mutation: You are surrounded by a mild repulsion
                  | field. (EV +2) [demonic ancestry]
  1899 | D:3      | Reached XP level 4. HP: 33/33 MP: 4/8
  2198 | D:3      | Reached skill level 3 in Spellcasting
  2328 | D:3      | Noticed Robin
  2340 | D:3      | Killed Robin
  2341 | D:3      | Reached XP level 5. HP: 30/39 MP: 0/9
  2838 | D:3      | Killed Natasha
  3014 | D:3      | Noticed Natasha
  3018 | D:3      | Killed Natasha
  3019 | D:3      | Reached XP level 6. HP: 47/47 MP: 6/11
  3093 | D:3      | Noticed Natasha
  3225 | D:3      | Killed Natasha
  3376 | D:4      | Reached skill level 1 in Armour
  3653 | D:4      | Noticed a steam dragon
  4183 | D:4      | Gained mutation: You have a tail ending in a sharp stinger.
                  | [demonic ancestry]
  4183 | D:4      | Reached XP level 7. HP: 50/52 MP: 2/12
  4364 | D:5      | Entered Level 5 of the Dungeon
  4801 | D:5      | Reached skill level 4 in Spellcasting
  5240 | D:4      | Killed a steam dragon
  5241 | D:4      | Gained mutation: You are faintly shadowed, very rarely
                  | releasing foul flame when damaged in melee. [demonic
                  | ancestry]
  5241 | D:4      | Reached XP level 8. HP: 61/61 MP: 7/14
  5340 | D:4      | Identified the +4 dagger "Ujeazunin" {heavy, rC+ Str+3
                  | Int+3}
  5356 | D:3      | Reached skill level 5 in Earth Magic
  5846 | D:5      | Found a sparkling altar of Nemelex Xobeh.
  5926 | D:5      | Noticed Pikel
  6045 | D:5      | Killed Pikel
  6046 | D:5      | Reached skill level 5 in Fighting
  6046 | D:5      | Reached skill level 5 in Spellcasting
  6046 | D:5      | Reached skill level 1 in Evocations
  6235 | D:5      | Gained mutation: You regenerate health from kills. [demonic
                  | ancestry]
  6235 | D:5      | Reached XP level 9. HP: 68/68 MP: 10/16
  6655 | D:5      | Learned a level 4 spell: Brom's Barrelling Boulder
  6661 | D:5      | Learned a level 5 spell: Irradiate
  6662 | D:6      | Found a staircase to the Ecumenical Temple.
  6680 | Temple   | Entered the Ecumenical Temple
  6713 | Temple   | Became a worshipper of Vehumet
  6870 | D:6      | Reached skill level 1 in Alchemy
  7003 | D:6      | Reached * piety under Vehumet
  7003 | D:6      | Offered knowledge of Kiss of Death by Vehumet.
  7525 | D:6      | Noticed a two-headed ogre
  7859 | D:7      | Offered knowledge of Momentum Strike by Vehumet.
  7899 | D:7      | Reached skill level 6 in Spellcasting
  8793 | D:8      | Noticed Grum
  8797 | D:8      | Killed Grum
  8798 | D:8      | Reached skill level 5 in Conjurations
  8798 | D:8      | Gained mutation: You regenerate a lot of health from kills.
                  | [demonic ancestry]
  8798 | D:8      | Reached XP level 10. HP: 61/76 MP: 12/19
  8808 | D:7      | Reached skill level 5 in Armour
  8867 | D:8      | Noticed a tengu warrior
  8916 | D:8      | Reached ** piety under Vehumet
  8939 | D:8      | Found an iron altar of Okawaru.
  8952 | D:8      | Identified the +6 mace "Goblinslayer" {spect, rF+ rC+}
  9375 | D:8      | Identified a scroll of acquirement
  9376 | D:8      | Acquired 713 gold pieces
  9959 | D:9      | Found Illeb's Changing Room.
 10236 | D:9      | Offered knowledge of Frozen Ramparts by Vehumet.
 10246 | D:9      | HP: 2/79 [yak (5)]
 10498 | D:9      | Found Qyjor's Assorted Antiques.
 10512 | D:9      | Reached skill level 7 in Spellcasting
 10784 | D:9      | Learned a level 3 spell: Mephitic Cloud
 10789 | D:9      | Learned a level 4 spell: Iskenderun's Mystic Blast
 10808 | D:10     | Entered Level 10 of the Dungeon
 10816 | D:10     | Gained mutation: You are shadowed, sometimes releasing foul
                  | flame when damaged in melee. [demonic ancestry]
 10816 | D:10     | Reached XP level 11. HP: 59/86 MP: 14/21
 10873 | D:10     | Reached *** piety under Vehumet
 10882 | D:10     | Reached skill level 1 in Translocations
 11022 | D:10     | Found a flagged portal.
 11032 | Bailey   | Entered a bailey
 11164 | Bailey   | Noticed an orc knight
 11164 | Bailey   | Noticed an orc knight
 11179 | Bailey   | Killed an orc knight
 11214 | Bailey   | Killed an orc knight
 11329 | Bailey   | Found the +2 pair of slick slippers {slick, slippery, EV+4}
 11379 | D:10     | Noticed Psyche
 11390 | D:10     | Killed Psyche
 11524 | D:10     | Offered knowledge of Ignite Poison by Vehumet.
 11651 | D:10     | Identified the +1 battleaxe "Budakugg" {antimagic, ^Contam
                  | *Rage rCorr Dex+6}
 11708 | D:10     | Found Zoniqaavaz's Antique Armour Shoppe.
 12050 | D:10     | Bought an encrusted robe for 114 gold pieces
 12050 | D:10     | Identified the +1 robe "Keippu" {rF++ MP+9} (You bought it
                  | in a shop on level 10 of the Dungeon)
 12196 | D:11     | Noticed a boulder beetle
 12207 | D:11     | Killed a boulder beetle
 12378 | D:11     | Reached skill level 1 in Shields
 12613 | D:11     | Reached skill level 5 in Alchemy
 12630 | D:11     | Reached **** piety under Vehumet
 12690 | D:11     | Found a staircase to the Lair.
 13190 | D:12     | Noticed Sonja
 13194 | D:12     | Killed Sonja
 13195 | D:12     | Reached skill level 8 in Spellcasting
 13259 | D:12     | Offered knowledge of Freezing Cloud by Vehumet.
 13269 | D:12     | Learned a level 5 spell: Freezing Cloud
 13273 | D:12     | Noticed Frances
 13286 | D:12     | Killed Frances
 13287 | D:12     | Gained mutation: You have a sharp stinger which inflicts
                  | weakening toxins. [demonic ancestry]
 13287 | D:12     | Reached XP level 12. HP: 37/94 MP: 23/24
 13565 | D:12     | Found a staircase to the Orcish Mines.
 13565 | D:12     | Found Huzufur's Weapon Shop.
 13566 | D:12     | Found Ciabbe's Armour Shop.
 13578 | D:12     | Reached skill level 1 in Air Magic
 13720 | D:12     | Noticed a boulder beetle
 13738 | D:12     | Killed a boulder beetle
 14619 | D:13     | Noticed a centaur warrior
 14627 | D:13     | Killed a centaur warrior
 14675 | D:13     | Noticed a centaur warrior
 14683 | D:13     | Killed a centaur warrior
 14779 | D:13     | Reached skill level 9 in Spellcasting
 14789 | D:13     | Reached ***** piety under Vehumet
 14799 | D:13     | Offered knowledge of Permafrost Eruption by Vehumet.
 14820 | D:13     | Noticed a two-headed ogre
 14832 | D:13     | Noticed an ogre mage
 14836 | D:13     | Killed an ogre mage
 14840 | D:13     | Killed a two-headed ogre
 14899 | D:13     | Identified the +5 giant club "Giantbane" {heavy, rF+ rN+
                  | Str-5 Stlth+}
 15525 | D:14     | Noticed a fire dragon
 15533 | D:14     | Killed a fire dragon
 15538 | D:14     | Reached skill level 5 in Shields
 15538 | D:14     | Reached XP level 13. HP: 101/101 MP: 7/26
 15616 | D:14     | Noticed Josephine
 15620 | D:14     | Killed Josephine
 15718 | D:14     | Identified the +0 leather armour "Pedwi" {Harm *Corrode
                  | rPois}
 16041 | D:14     | Reached skill level 10 in Spellcasting
 16169 | D:14     | Noticed a fire dragon
 16174 | D:14     | Killed a fire dragon
 16175 | D:14     | Reached skill level 10 in Fighting
 16357 | D:14     | Found a gate to the Vaults.
 16462 | D:15     | Entered Level 15 of the Dungeon
 16917 | D:15     | Reached skill level 11 in Spellcasting
 17013 | D:15     | Noticed a red very ugly thing
 17036 | D:15     | Killed a white very ugly thing
 17398 | D:15     | Gained mutation: You are surrounded by a moderate repulsion
                  | field. (EV +3) [demonic ancestry]
 17398 | D:15     | Reached XP level 14. HP: 110/111 MP: 29/29
 17758 | D:15     | Found Ujak's Magic Scroll Emporium.
 17761 | D:15     | Bought a scroll of blinking for 135 gold pieces
 17761 | D:15     | Bought a scroll of identify for 36 gold pieces
 17761 | D:15     | Bought a scroll of identify for 36 gold pieces
 17761 | D:15     | Bought 2 scrolls of identify for 72 gold pieces
 17761 | D:15     | Bought a scroll of identify for 36 gold pieces
 17761 | D:15     | Bought a scroll of fear for 72 gold pieces
 17882 | D:15     | Found a staircase to the Depths.
 18064 | Lair:1   | Entered Level 1 of the Lair of Beasts
 18076 | Lair:1   | Reached skill level 10 in Earth Magic
 18204 | Lair:1   | Found a runed translucent gate.
 18205 | Lair:1   | Found a runed translucent gate.
 18206 | Lair:1   | Found a runed translucent gate.
 18206 | Lair:1   | Noticed Grimmash's ghost (journeyman TrSh)
 18324 | Lair:1   | Identified the +1 leather armour "Quenlev" {rElec rN+
                  | Slay+3 Stlth+}
 18973 | Lair:2   | Reached skill level 12 in Spellcasting
 19117 | Lair:2   | Found a staircase to the Swamp.
 19124 | Lair:2   | Offered knowledge of Conjure Ball Lightning by Vehumet.
 20440 | Lair:3   | Noticed Kirke
 20447 | Lair:3   | Killed Kirke
 20820 | Lair:3   | Found a staircase to the Snake Pit.
 21263 | Lair:3   | Offered knowledge of Magnavolt by Vehumet.
 21923 | Lair:4   | Found a snail-covered altar of Cheibriados.
 22143 | Lair:4   | Reached XP level 15. HP: 119/119 MP: 13/31
 22345 | Lair:4   | Found a viscous altar of Jiyva.
 22345 | Lair:4   | Found a staircase to the Slime Pits.
 22622 | Lair:5   | Entered Level 5 of the Lair of Beasts
 23514 | Lair:5   | Reached skill level 13 in Spellcasting
 23533 | Lair:5   | Reached skill level 10 in Conjurations
 23954 | Lair:5   | Got the Volume of Charred Wicked Rituals
 24246 | Orc:1    | Entered Level 1 of the Orcish Mines
 24415 | Orc:1    | Found a burning altar of Makhleb.
 24700 | Orc:1    | Learned a level 7 spell: Magnavolt
 24701 | Orc:2    | Entered Level 2 of the Orcish Mines
 24758 | Orc:2    | Found a roughly hewn altar of Beogh.
 24768 | Orc:2    | Found a staircase to the Elven Halls.
 24781 | Orc:2    | Offered knowledge of Eringya's Noxious Bog by Vehumet.
 25164 | Orc:2    | Reached skill level 1 in Ice Magic
 25222 | Orc:2    | Found Fasomm Ythriph's Antique Weapon Shoppe.
 25258 | Orc:2    | Bought a pitted war axe for 297 gold pieces
 25258 | Orc:2    | Identified the +10 war axe of Defence {protect, Str+3} (You
                  | bought it in a shop on level 2 of the Orcish Mines)
 25270 | Orc:2    | Found Loli Tue's Armour Shoppe.
 25272 | Orc:2    | Found Ysaseluj's Antique Weapon Shoppe.
 25274 | Orc:2    | Found a roughly hewn altar of Beogh.
 25281 | Orc:2    | Bought a translucent flail for 297 gold pieces
 25281 | Orc:2    | Identified the +4 flail "Zunkir" {flame, *Noise rCorr Str+3
                  | Dex+3} (You bought it in a shop on level 2 of the Orcish
                  | Mines)
 25286 | Orc:2    | Bought a +2 helmet of intelligence for 365 gold pieces
 25297 | Orc:2    | Bought the +0 leather armour of the True Pharaoh {Will+
                  | rCorr Dex-2} for 272 gold pieces
 25297 | Orc:2    | Bought a +2 pair of gloves of strength for 365 gold pieces
 25434 | Orc:2    | Found Uwebisyq's Distillery.
 25439 | Orc:2    | Bought a potion of mutation for 120 gold pieces
 25914 | Snake:1  | Entered Level 1 of the Snake Pit
 25934 | Snake:1  | Noticed Agnes
 25944 | Snake:1  | Killed Agnes
 25944 | Snake:1  | Offered knowledge of Arcjolt by Vehumet.
 26234 | Snake:1  | Reached XP level 16. HP: 127/127 MP: 23/33
 26351 | Snake:1  | Found a runed translucent gate.
 26352 | Snake:1  | Found a runed translucent gate.
 26354 | Snake:1  | Found a runed translucent gate.
 26384 | Snake:1  | Noticed Rupert
 26388 | Snake:1  | Noticed DEFE's ghost (adept CoFi)
 26388 | Snake:1  | Noticed ViolentViolet's ghost (journeyman MiBe)
 26437 | Snake:1  | Killed Rupert
 27212 | Snake:1  | Acquired 596 gold pieces
 27250 | Snake:2  | Found Pietreaph's Armour Emporium.
 27254 | Snake:2  | You fall into a shaft and drop 1 floor!
 27358 | Snake:3  | Reached skill level 5 in Air Magic
 27403 | Snake:3  | Found a sparkling altar of Nemelex Xobeh.
 27465 | Snake:3  | Reached ****** piety under Vehumet
 27999 | Snake:2  | Reached skill level 14 in Spellcasting
 28154 | Snake:3  | Offered knowledge of Ozocubu's Refrigeration by Vehumet.
 28169 | Snake:3  | Learned a level 7 spell: Ozocubu's Refrigeration
 28794 | Snake:3  | Learned a level 5 spell: Lee's Rapid Deconstruction
 28796 | Snake:4  | Entered Level 4 of the Snake Pit
 29217 | Snake:4  | Reached XP level 17. HP: 63/135 MP: 35/35
 29246 | Snake:4  | Got a serpentine rune of Zot
 29751 | Snake:4  | Offered knowledge of Plasma Beam by Vehumet.
 30465 | Snake:4  | Noticed Vashnia
 31885 | Swamp:1  | Entered Level 1 of the Swamp
 31896 | Swamp:1  | Reached skill level 15 in Spellcasting
 32644 | Swamp:1  | Noticed Mlioglotl
 33381 | Swamp:2  | Noticed Jorgrun
 33607 | Swamp:2  | Identified the +9 trident of Integrity {heavy, Int+5}
 33614 | Swamp:2  | Acquired the +1 buckler of Supple Strength {rPois Will+
                  | SInv}
 33811 | Swamp:2  | Killed Jorgrun
 34457 | Swamp:3  | Offered knowledge of Lehudib's Crystal Spear by Vehumet.
 34457 | Swamp:3  | Offered knowledge of Ignition by Vehumet.
 34457 | Swamp:3  | Offered knowledge of Maxwell's Capacitive Coupling by
                  | Vehumet.
 34498 | Swamp:3  | Noticed a tentacled monstrosity
 34511 | Swamp:3  | Killed a tentacled monstrosity
 34512 | Swamp:3  | Reached XP level 18. HP: 109/144 MP: 3/37
 34698 | Swamp:3  | Learned a level 8 spell: Lehudib's Crystal Spear
 34703 | Swamp:3  | Identified the +3 leather armour of Mordant Leaves {^Drain
                  | +Blink rPois}
 34827 | Swamp:4  | Entered Level 4 of the Swamp
 36079 | Swamp:4  | Found the +5 moon troll leather armour {Spirit, Regen++
                  | MP+5}
 36326 | Swamp:4  | Got a decaying rune of Zot
 36492 | Swamp:1  | Killed Mlioglotl
 36842 | D:9      | Bought a potion of mutation for 112 gold pieces
 36842 | D:9      | Bought a potion of mutation for 112 gold pieces
 37011 | Orc:2    | Bought a potion of ambrosia for 120 gold pieces
 37011 | Orc:2    | Bought a potion of haste for 150 gold pieces
 37011 | Orc:2    | Bought 2 potions of magic for 240 gold pieces
 37011 | Orc:2    | Bought a potion of invisibility for 120 gold pieces
 37084 | Elf:1    | Entered Level 1 of the Elven Halls
 37443 | Elf:1    | Reached skill level 16 in Spellcasting
 37727 | Elf:1    | Reached skill level 15 in Earth Magic
 37927 | Elf:1    | Paralysed by an air elemental for 1 turns
 37933 | Elf:1    | Paralysed by an air elemental for 1 turns
 38553 | Elf:1    | Noticed a Brimstone Fiend
 38556 | Elf:1    | Noticed a Brimstone Fiend
 38557 | Elf:1    | Noticed a Tzitzimitl
 39238 | Elf:2    | Found a magical portal.
 39314 | WizLab   | Entered Eringya's Formal Garden
 39866 | WizLab   | Learned a level 5 spell: Borgnjor's Vile Clutch
 39872 | WizLab   | Gained mutation: You are surrounded by a strong repulsion
                  | field. (EV +4, RMsl) [demonic ancestry]
 39872 | WizLab   | Reached XP level 19. HP: 137/152 MP: 30/39
 40055 | WizLab   | Found a blossoming altar of Fedhas.
 40063 | WizLab   | Got Eringya's Verses on Hermetica
 40203 | Elf:2    | Paralysed by an air elemental for 1 turns
 40206 | Elf:2    | Paralysed by an air elemental for 1 turns
 40275 | Elf:2    | Reached skill level 10 in Armour
 40556 | Elf:2    | Found a runed translucent gate.
 40556 | Elf:2    | Found a runed translucent gate.
 40556 | Elf:2    | Found a runed translucent gate.
 40783 | Elf:2    | Reached skill level 10 in Shields
 40946 | Elf:2    | Reached skill level 1 in Necromancy
 41431 | Elf:3    | Entered Level 3 of the Elven Halls
 41539 | Elf:3    | Paralysed by an air elemental for 1 turns
 41668 | Elf:3    | Noticed Asterion
 42247 | Elf:3    | Killed Asterion
 42410 | Elf:3    | Reached skill level 17 in Spellcasting
 42821 | Elf:3    | Identified the amulet of Reshur {Faith Str-4 Dex+5}
 43084 | Elf:3    | Identified the +0 robe of Zin, Leaping {Dex+4}
 43085 | Elf:3    | Identified the +5 quarterstaff of Success {vamp, ^Fragile
                  | rF+++ rN+}
 43574 | Vaults:1 | Entered Level 1 of the Vaults
 43783 | Vaults:1 | Reached XP level 20. HP: 144/161 MP: 21/41
 44099 | Vaults:1 | Identified the +4 dagger "Zumnul" {distort, Int+3}
 44448 | Vaults:1 | Reached skill level 15 in Fighting
 45512 | Vaults:2 | Paralysed by a formless jellyfish for 1 turns
 46589 | Vaults:2 | Found a staircase to the Crypt.
 46817 | Vaults:2 | Found Duepri's Distillery.
 46848 | Vaults:2 | Bought a potion of curing for 60 gold pieces
 46848 | Vaults:2 | Bought a potion of curing for 60 gold pieces
 46848 | Vaults:2 | Bought 2 potions of ambrosia for 320 gold pieces
 47136 | Vaults:2 | Found Muhotiy's Armour Shop.
 47171 | Vaults:2 | Reached skill level 18 in Spellcasting
 47374 | Vaults:2 | Paralysed by a formless jellyfish for 1 turns
 47735 | Vaults:3 | Acquired the +6 rapier of Cuoqo {elec, rElec Str+8 Dex+2
                  | SInv}
 48422 | Vaults:3 | Gained mutation: You punish those that try to bend your
                  | will. (Will+) [demonic ancestry]
 48422 | Vaults:3 | Reached XP level 21. HP: 169/169 MP: 28/43
 48955 | Vaults:3 | Killed from afar by an ironbound thunderhulk

Illustrated notes

Levels and vault maps discovered:
D:1:      lightli_arrival_windingriver, layout_loops_cross,
          ebering_ecumenical_altar_petrified
D:2:      layout_basic, kennysheep_path_1, hangedman_decor_lopped
D:3:      layout_rooms, uniq_natasha, uniq_robin
D:4:      layout_cave_pods, ebering_dispersal_statue_hall
D:5:      layout_basic, mainiacjoe_overflow_concentric_impassable,
          nzn_random_ring, uniq_pikel
D:6:      kennysheep_kobold_camp, layout_basic, minmay_temple_entry_crystal_x
D:7:      layout_layer_cave, minivault_24
D:8:      layout_gridville, okawaru_ov_weapons_minmay, uniq_grum
D:9:      layout_rooms, serial_shops, shop, nicolae_transmutations_shop,
          roderic_nine_men_s_morris
D:10:     layout_rooms, enter_bailey_2, nicolae_inconvenience_store,
          solitary_fountain, uniq_psyche
D:11:     layout_roguey, grunt_lair_entry_orc_guard_hut
D:12:     layout_basic, orc_david_3, uniq_frances, uniq_sonja
D:13:     layout_layer_cave, minmay_splitting_lines, minmay_checkerbox
D:14:     layout_roguey, david_vaults_4, chequers_decorated_corner,
          nicolae_titane, uniq_josephine
D:15:     gammafunk_enter_depths_forms, layout_rooms, minivault_26,
          serial_shops, nicolae_shop_rolled_up, nicolae_zig_zag_zippers
Temple:   mainiacjoe_temple_cubbyholes
Lair:1:   layout_chaotic_city, gammafunk_ghost_hydra_chop,
          nicolae_quartered_pool_little, grunt_megastairs_3, lemuel_fruit_tree,
          lemuel_fruit_fields, infiniplex_staircase_pool_2
Lair:2:   layout_cave_pods, nicolae_swamp_entry_spooky, st_stairs_7,
          lemuel_old_faithful
Lair:3:   layout_gridlike, minmay_snake_entry_guardpost_small,
          serial_bayou_crossing, infiniplex_staircase_pool, uniq_kirke
Lair:4:   layout_gridlike, dpeg_slime_entry_enclosed, basic_altar
Lair:5:   hangedman_lair_in_review, layout_misc_corridors, pond,
          serial_bayou_shore_b
Swamp:1:  layout_basic_swamp, serial_swamp_ruin, evilmike_swamp_ruin_house_3,
          evilmike_swamp_ruin_house_4, nicolae_swamp_godswood, uniq_mlioglotl
Swamp:2:  layout_basic_swamp, evilmike_swamp_ruin_house_5, swamp_pool_1_2,
          uniq_jorgrun
Swamp:3:  layout_basic_swamp, nicolae_swamp_orc_logging_accident
Swamp:4:  swamp_icy, layout_basic_swamp, swamp_pool_1_2
Snake:1:  layout_layer_cave, gammafunk_ghost_cemetery, grunt_megastairs_5,
          uniq_agnes, uniq_rupert
Snake:2:  layout_misc_corridors, serial_shops,
          nicolae_shop_competitors_out_of_business, serial_bayou_shore_b
Snake:3:  layout_onion, basic_altar, nicolae_snake_springs
Snake:4:  snake_pit_salamanders_mu, layout_basic,
          serial_library_regret_index_turning, serial_bayou_shore_a,
          uniq_vashnia
Orc:1:    layout_caves, basic_altar
Orc:2:    hellmonk_orc_salted, layout_diamond_mine, basic_altar
Elf:1:    layout_gridlike, hangedman_elf_disciples
Elf:2:    elven_hall_of_blades_hangedman_original [nicolae_blade_little_rooms],
          layout_loops_cross, mu_enter_wizlab_2
Elf:3:    minmay_elf_hall_spiked, layout_geoelf_castle,
          serial_sigils_hangedman_scar, uniq_asterion
Vaults:1: v_misc_25, nicolae_vaults_apartment_2, nicolae_vaults_rhombus_5,
          nicolae_vaults_frosty_reception, v_pattern_3,
          ontoclasm_vaults_decontamination, nicolae_vaults_tangram_2, v_misc_14,
          grunt_vaults_hallway_short, nicolae_vaults_weapon_check,
          layout_vaults_chaotic_city
Vaults:2: nicolae_vaults_minivaults, hangedman_vaults_stream,
          vaults_room_stairs_pillars, nicolae_vaults_big_angled_halls,
          grunt_vaults_focal, nicolae_vaults_stairing_the_circle,
          nicolae_vaults_apartment_2, v_misc_8, v_misc_2,
          hangedman_vaults_snaps, vaults_mumra_minichess_inversion, v_misc_27,
          v_misc_24, nicolae_vaults_little_squares_6,
          minmay_crypt_entry_simple_walls, vaults_room_pool, layout_vaults_ring,
          serial_shops, nicolae_shop_rolling_square, shop
Vaults:3: nicolae_vaults_surprise_closet, kennysheep_ogre_elephant_herders,
          vaults_dpeg_hooks, ontoclasm_vaults_ligature,
          nicolae_vaults_three_branches, nicolae_vaults_closet_pinwheel_4,
          layout_vaults_quadrants

Skill      XL: |  1  2  3  4  5  6  7  8  9 10 11 12 13 14 15 16 17 18 19 20 21 |
---------------+----------------------------------------------------------------+-----
Fighting       | 1 2 3 4 5 6 7 8 9 10 11 12 13 14 15 | 15.6
Earth Magic    | 3 4 5 6 7 8 9 11 12 13 14 15 16 17 | 17.4
Spellcasting   | 3 4 5 6 7 8 9 11 12 13 14 15 16 17 18 | 18.3
Dodging        | 2 3 |  3.0
Armour         | 1 2 3 4 6 7 9 10 11 | 11.5
Conjurations   | 2 3 5 6 8 9 10 11 12 13 14 | 14.0
Stealth        | 2 3 |  3.0
Evocations     | 2 3 |  3.0
Alchemy        | 2 3 5 6 |  6.0
Translocations | 3 |  3.0
Shields        | 3 5 6 7 8 9 10 11 | 11.3
Air Magic      | 3 6 |  6.0
Ice Magic      | 2 3 |  3.0
Necromancy     | 3 |  3.0

Action                     |  1- 3 |  4- 6 |  7- 9 | 10-12 | 13-15 | 16-18 | 19-21 || total
---------------------------+-------+-------+-------+-------+-------+-------+-------++-------
  Melee: Mace              |     1 |       |       |    43 |       |     7 |   111 ||   162
         Dagger            |       |    33 |     6 |    18 |    98 |    24 |       ||   179
         Tailslap          |       |     7 |     3 |     9 |    19 |    10 |    37 ||    85
         Falchion          |       |    23 |     7 |       |       |       |       ||    30
   Cast: Sandblast         |    48 |    71 |    57 |    68 |    68 |    49 |    11 ||   372
         Stone Arrow       |       |    22 |   138 |   286 |   633 |   441 |   230 ||  1750
         Brom's Barrelling |       |       |     5 |     1 |       |       |       ||     6
         Passwall          |       |       |       |     5 |     1 |     5 |     1 ||    12
         Mephitic Cloud    |       |       |       |    35 |    67 |    37 |    29 ||   168
         Freezing Cloud    |       |       |       |     4 |    71 |   144 |    94 ||   313
         Iskenderun's Myst |       |       |       |       |    25 |    32 |    24 ||    81
         Irradiate         |       |       |       |       |     4 |     6 |     1 ||    11
         Magnavolt         |       |       |       |       |       |   135 |    16 ||   151
         Lee's Rapid Decon |       |       |       |       |       |    47 |    64 ||   111
         Lehudib's Crystal |       |       |       |       |       |     8 |    44 ||    52
         Borgnjor's Vile C |       |       |       |       |       |     1 |   197 ||   198
  Evoke: Wand              |       |       |     3 |    44 |     7 |    17 |     1 ||    72
         Condenser vane    |       |       |       |     1 |     1 |       |       ||     2
    Use: Scroll            |       |     1 |     7 |     9 |    10 |     9 |     4 ||    40
         Potion            |       |     1 |     1 |     6 |       |     2 |       ||    10
   Stab: Sleeping          |     1 |       |       |       |     1 |       |       ||     2
         Confused          |       |       |       |     1 |     5 |       |     2 ||     8
         Distracted        |       |       |       |       |       |       |     3 ||     3
 Armour: Robe              |     8 |    61 |    82 |    66 |    79 |       |       ||   296
         Animal skin       |       |       |       |    81 |       |       |       ||    81
         Leather armour    |       |       |       |       |   176 |   343 |   149 ||   668
         Ring mail         |       |       |       |       |    13 |       |       ||    13
         Troll leather arm |       |       |       |       |       |    38 |   111 ||   149
  Dodge: Dodged            |     8 |    68 |    97 |   160 |   312 |   254 |   216 ||  1115
         Repelled          |       |       |       |       |       |       |    40 ||    40
  Block: Buckler           |       |       |       |    11 |    67 |   102 |    97 ||   277

Table legend: (Time is in decaauts)
 A = Elapsed time spent in this place.
 B = Non-inter-level travel time spent in this place.
 C = Inter-level travel time spent in this place.
 D = Time resting spent in this place.
 E = Time spent auto-exploring this place.
 F = Levels seen in this place.
 G = Mean time per level.
                   A        B        C        D        E       F      G
               +--------+--------+--------+--------+--------+-----+--------+
         Total |  49524 |  46907 |   2617 |  12662 |  19986 |  39 | 1269.8 |
       Dungeon |  18395 |  17326 |   1069 |   4448 |   8171 |  15 | 1226.3 |
        Temple |     64 |      2 |     62 |      0 |      0 |   1 |   64.0 |
          Lair |   6677 |   6175 |    502 |   1143 |   3444 |   5 | 1335.4 |
         Swamp |   4673 |   4378 |    295 |   1500 |   1641 |   4 | 1168.2 |
     Snake Pit |   5930 |   5635 |    295 |   1874 |   1860 |   4 | 1482.5 |
  Orcish Mines |   2132 |   1952 |    180 |    647 |    623 |   2 | 1066.0 |
   Elven Halls |   5194 |   5006 |    188 |   1444 |   1733 |   3 | 1731.3 |
        Vaults |   5324 |   5300 |     24 |   1333 |   2483 |   3 | 1774.7 |
        Bailey |    316 |    316 |      0 |     30 |     29 |   1 |  316.0 |
        Wizlab |    814 |    814 |      0 |    243 |      0 |   1 |  814.0 |
               +--------+--------+--------+--------+--------+-----+--------+

Top non-repeatable levels by time:
 Snake:4: 2372 daAuts
Vaults:2: 2240 daAuts
  Lair:2: 2075 daAuts
   Elf:3: 1868 daAuts
Vaults:1: 1840 daAuts
 Swamp:1: 1806 daAuts
   Elf:1: 1704 daAuts
     D:3: 1702 daAuts
     D:4: 1696 daAuts
   Orc:2: 1655 daAuts
   Elf:2: 1622 daAuts
 Snake:3: 1617 daAuts
  Lair:5: 1481 daAuts
    D:14: 1457 daAuts
    D:12: 1447 daAuts
